 Dungeon Crawl Stone Soup version 0.21.1-1-g345015fe64 (webtiles) character file.

168 Artool the Skirmisher (level 5, 0/42 HPs)
             Began as a Demonspawn Abyssal Knight on June 19, 2018.
             Was a Believer of Lugonu.
             Slain by Menkaure (7 damage)
             ... on level 4 of the Dungeon.
             The game lasted 00:07:52 (3890 turns).

Artool the Skirmisher (Demonspawn Abyssal Knight)   Turns: 3890, Time: 00:07:53

Health: 0/42       AC:  9    Str: 12    XL:     5   Next: 24%
Magic:  6/6        EV:  5    Int: 13    God:    Lugonu [**....]
Gold:   92         SH:  0    Dex: 16    Spells: 4/4 levels left

rFire    . . .     SeeInvis .   f - +0 whip
rCold    . . .     Gourm    .   (no shield)
rNeg     . . .     Faith    .   j - +0 chain mail
rPois    .         Spirit   .   (no helmet)
rElec    .         Reflect  .   (no cloak)
rCorr    .         Harm     .   (no gloves)
MR       .....                  (no boots)
Stlth    +.........             (no amulet)
HPRegen  0.14/turn              (no ring)
MPRegen  0.10/turn              (no ring)

@: no status effects
A: thin skeletal structure 1, nightstalker 2
a: Depart the Abyss, Bend Space, Renounce Religion


You were on level 4 of the Dungeon.
You worshipped Lugonu.
Lugonu was pleased with you.
You were not hungry.

You visited 1 branch of the dungeon, and saw 4 of its levels.
You visited the Abyss 1 time.

You collected 92 gold pieces.

Inventory:

Hand Weapons
 f - a +0 whip (weapon)
Missiles
 a - 5 tomahawks
 i - a throwing net (quivered)
Armour
 j - a +0 chain mail (worn)
Wands
 t - a wand of iceblast (9)
Scrolls
 b - a scroll of blinking {unknown}
 d - a scroll of teleportation {unknown}
 e - 3 scrolls of immolation {unknown}
 h - 4 scrolls of identify {unknown}
 k - a scroll of remove curse {unknown}
 l - 2 scrolls of amnesia {unknown}
 o - a scroll of enchant armour {unknown}
 p - a scroll of magic mapping {unknown}
 s - a scroll of noise {unknown}
Potions
 g - a potion of invisibility {unknown}
 m - 2 potions of might {unknown}
 n - a potion of degeneration {unknown}
 q - a potion of cancellation {unknown}
 r - a potion of heal wounds {unknown}
 u - a potion of haste {unknown}
Comestibles
 c - 6 rations


   Skills:
 * Level 4.1 Fighting
 * Level 3.1 Maces & Flails
 * Level 3.3 Armour
 - Level 0.8 Dodging
 - Level 2.4 Invocations


You had 4 spell levels left.
You didn't know any spells.

Dungeon Overview and Level Annotations

Branches:
Dungeon (4/15)
 Temple: D:4-7

Altars:
Gozag

Annotations:
D:3 Kohma's ghost, amateur GrFi
D:4 Menkaure


Innate Abilities, Weirdness & Mutations

You have a somewhat thin skeletal structure. (Dex +2, Stealth)
You are significantly more attuned to the shadows.


Message History

Your body is wracked with pain!
You barely miss Menkaure.
Menkaure is lightly damaged.
Menkaure barely misses you.
You barely miss Menkaure.
Menkaure is lightly damaged.
You barely miss Menkaure.
Menkaure is lightly damaged.
Menkaure hits you but does no damage.
Your chain mail prevents you from hitting Menkaure.
Menkaure is lightly damaged.
Menkaure hits you!
* * * LOW HITPOINT WARNING * * *
You closely miss Menkaure.
Menkaure is lightly damaged.
Menkaure hits you but does no damage.
You barely miss Menkaure.
Menkaure is lightly damaged.
Menkaure hits you!
You die...

#.....#
#.....#
#.....# #
#.....# #
#....M# #
##### #....@#
# #... #.....#
####.# #
#.....####
.#...##.#
#........##.
#.......#
####+#.#....
...#.####
#..........
#..#.#
#####....#....
#..#.#
#.....##.#..#.
##.#.#
##+#.#.......#


You could see Menkaure.

Vanquished Creatures
  A scorpion (D:4)
  A howler monkey skeleton (D:4)
  4 adders
  2 oozes
  3 worms
  2 dart slugs
  A leopard gecko (D:2)
  2 giant cockroaches
  5 goblins
  4 hobgoblins
  4 jackals
  8 kobolds
  A quokka (D:2)
  4 ball pythons
  7 bats
  5 frilled lizards
  4 rats
58 creatures vanquished.

Notes
Turn   | Place    | Note
-------+----------+-------------------------------------------
     0 | Abyss:1  | Artool the Demonspawn Abyssal Knight began the quest for the Orb.
     0 | Abyss:1  | Reached XP level 1. HP: 18/18 MP: 2/2
    37 | Abyss:1  | Noticed an ancient zyme
    45 | D:1      | Escaped the Abyss
   406 | D:1      | Gained mutation: You are slightly more attuned to the shadows. [demonic ancestry]
   406 | D:1      | Reached XP level 2. HP: 24/24 MP: 3/3
   430 | D:1      | Reached * piety under Lugonu
   998 | D:2      | Gained mutation: You are significantly more attuned to the shadows. [demonic ancestry]
   998 | D:2      | Reached XP level 3. HP: 21/29 MP: 4/4
  2019 | D:2      | Found an opulent altar of Gozag.
  2062 | D:2      | Reached XP level 4. HP: 16/37 MP: 5/5
  2294 | D:2      | Reached ** piety under Lugonu
  2791 | D:3      | Noticed Kohma's ghost (amateur GrFi)
  2830 | D:4      | Reached skill level 4 in Fighting
  3207 | D:4      | Gained mutation: You have a somewhat thin skeletal structure. (Dex +2, Stealth) [demonic ancestry]
  3207 | D:4      | Reached XP level 5. HP: 30/42 MP: 6/6
  3878 | D:4      | Noticed Menkaure
  3890 | D:4      | Slain by Menkaure

Skill      XL: |  1  2  3  4 |
---------------+-------------+-----
Armour         | 2 3 |  3.3
Maces & Flails | 2 3 |  3.1
Fighting       | 4 |  4.1
Dodging        | |  0.8
Invocations    | |  2.4

Action                   |  1- 3 |  4- 6 || total
-------------------------+-------+-------++-------
Melee: Whip              |   163 |   113 ||   276
       Mace              |     3 |       ||     3
Invok: Depart the Abyss  |     1 |       ||     1
  Eat: Chunk             |     4 |     6 ||    10
Armor: Chain mail        |   103 |    56 ||   159
       Leather armour    |     2 |       ||     2
Dodge: Dodged            |    42 |    28 ||    70
